 Dungeon Crawl Stone Soup version 0.25-a0-589-g1e14c549ee (webtiles) character file.

Game seed: 4451679597303852060, levelgen mode: classic

6 EnegeticOcto the Skirmisher (level 1, 0/18 HPs)
             Began as a Mummy Chaos Knight on Mar 13, 2020.
             Was a Plaything of Xom.
             Slain by a gnoll
             ... wielding a +0 spear
              (3 damage)
             ... on level 1 of the Dungeon.
             The game lasted 00:00:12 (106 turns).

EnegeticOcto the Skirmisher (Mummy Chaos Knight)     Turns: 106, Time: 00:00:13

Health: 0/18       AC:  5    Str: 15    XL:     1   Next: 75%
Magic:  1/1        EV: 11    Int: 11    God:    Xom [..*...]
Gold:   6          SH:  0    Dex: 11    Spells: 0/0 levels left

rFire    x . .     SeeInvis .   a - +0 mace (chaos)
rCold    + . .     Gourm    .   (no shield)
rNeg     + + +     Faith    .   b - +2 leather armour
rPois    ∞         Spirit   .   (no helmet)
rElec    .         Reflect  .   (no cloak)
rCorr    .         Harm     .   (no gloves)
MR       .....                  (no boots)
Stlth    +.........             (no amulet)
HPRegen  0.06/turn              (no ring)
MPRegen  0.07/turn              (no ring)

@: no status effects
A: no food or potions, fire vulnerability, cold resistance 1, negative energy
resistance 3, torment resistance, unbreathing
a: Renounce Religion


You were on level 1 of the Dungeon.
You worshipped Xom.
You were a toy of Xom.
You were not hungry.

You visited 1 branch of the dungeon, and saw 1 of its levels.

You collected 6 gold pieces.

Inventory:

Hand Weapons
 a - a +0 mace of chaos (weapon)
Armour
 b - a +2 leather armour (worn)
Scrolls
 c - a scroll of immolation {unknown}
 d - a scroll of enchant armour {unknown}


   Skills:
 + Level 3.4 Fighting
 - Level 2.4 Maces & Flails
 - Level 1.5 Armour
 - Level 0.7 Dodging


You couldn't memorise any spells.
You didn't know any spells.
Your spell library was empty.

Dungeon Overview and Level Annotations

Branches:
Dungeon (1/15)

Altars:


Innate Abilities, Weirdness & Mutations

You do not eat or drink.
Your flesh is vulnerable to fire.
You are immune to poison.
Your flesh is cold resistant. (rC+)
You are immune to negative energy. (rN+++)
You are immune to unholy pain and torment.
You can survive without breathing.


Message History

No target in view!
You see here a kobold corpse.
You now have 6 gold pieces.
A rat comes into view.
A rat is nearby!
A rat is nearby!
The rat barely misses you.
You hit the rat. You freeze the rat.
The rat is severely wounded.
The rat barely misses you.
You hit the rat. You freeze the rat.
You kill the rat!
No target in view!
No target in view!
No target in view!
No target in view!
No target in view!
No target in view!
d - a scroll labeled JUKUIH BONOWU
Found a dagger.
No target in view!
No target in view!
No target in view!
No target in view!
No target in view!
No target in view!
No target in view!
No target in view!
No target in view!
No target in view!
A rat comes into view.
A rat is nearby!
A rat is nearby!
The rat closely misses you.
You sock the rat!
You kill the rat!
No target in view!
No target in view!
No target in view!
No target in view!
No target in view!
A rat comes into view.
A rat is nearby!
No target in view!
No target in view!
No target in view!
No target in view!
No target in view!
No target in view!
No target in view!
No target in view!
No target in view!
No target in view!
A goblin and a gnoll come into view.
The gnoll shouts!
There are monsters nearby!
There are monsters nearby!
There are monsters nearby!
There are monsters nearby!
There are monsters nearby!
There are monsters nearby!
A rat comes into view.
The rat bites you but does no damage.
Your leather armour prevents you from hitting the rat.
The gnoll misses you. The rat bites you.
You hit the rat.
The rat is moderately wounded.
The gnoll hits you from afar with a +0 spear.
The rat bites you but does no damage.
You closely miss the rat.
The rat is moderately wounded.
The goblin hits you but does no damage.
The gnoll hits you from afar with a +0 spear.
The rat bites you but does no damage.
You are too injured to fight recklessly!
You are too injured to fight recklessly!
You are too injured to fight recklessly!
You are too injured to fight recklessly!
You are too injured to fight recklessly!
You barely miss the goblin. The goblin hits you but does no damage.
The goblin misses you.
You hit the goblin but do no damage.
The goblin is poisoned.
The goblin hits you but does no damage.
You hit the goblin.
You kill the goblin!
The rat bites you but does no damage.
You hit the rat.
You kill the rat!
The gnoll hits you from afar with a +0 spear. x2
* * * LOW HITPOINT WARNING * * *
The rat closely misses you. The gnoll closely misses you.
You closely miss the rat.
The rat is moderately wounded.
The rat misses you. The gnoll barely misses you.
You hit the rat. You drain the rat.
You kill the rat!
The gnoll closely misses you. The gnoll hits you with a +0 spear.
You die...
Xom chuckles heartily!

.........#####.#
###..###### #...
##.#....####..#
#.#+##.......#
####.......#.....
#..........#.....
#.##.......#.....
####.##.......#.....
#.g@..#.......##....
#.#####.......##.#..
#.#.......#......#..
#r#.#............#..
#.....g.#†+............#..
#.......###............#..
#.....).........#......#..
#.......#######.#......#..
#.......# #.#......###


You could see a gnoll.

Vanquished Creatures
  A goblin (D:1)
  A hobgoblin (D:1)
  A kobold (D:1)
  4 rats (D:1)
7 creatures vanquished.

Notes
Turn   | Place    | Note
-------+----------+-------------------------------------------
     0 | D:1      | EnegeticOcto the Mummy Chaos Knight began the quest for the
                  | Orb.
     0 | D:1      | Reached XP level 1. HP: 18/18 MP: 1/1
   106 | D:1      | Slain by a gnoll

Levels and vault maps discovered:
D:1:      dpeg_arrival_tiny_f, layout_basic

Action                   || total
-------------------------++-------
Melee: Mace              ||    16
Armor: Leather armour    ||     9
Dodge: Dodged            ||    12

Table legend:
 A = Non-vault XP
 B = Vault XP
 C = Vault XP percentage of total XP
 D = Non-vault monster count
 E = Vault monster count
 F = Vault count percentage of total count
                 A         B        C        D         E       F
            +---------+---------+-------+---------+---------+-------
      Total |       9 |       0 |   0.0 |       7 |       0 |   0.0
            +---------+---------+-------+---------+---------+-------
        D:1 |       9 |       0 |   0.0 |       7 |       0 |   0.0
            +---------+---------+-------+---------+---------+-------
